 Dungeon Crawl Stone Soup version 0.29-a0-559-g359e09b9d1 (webtiles) character file.

Game seed: 8345836901791053374

58 DocClef the Covert (level 4, -7/41 HPs)
             Began as a Gnoll Delver on June 9, 2022.
             Mangled by an iguana (11 damage)
             ... on level 4 of the Dungeon.
             The game lasted 00:01:16 (1327 turns).

DocClef the Covert (Gnoll Delver)                   Turns: 1327, Time: 00:01:16

Health: -7/41      AC:  3    Str: 11    XL:     4   Next: 1%
Magic:  5/5        EV: 13    Int: 10    God:
Gold:   77         SH:  0    Dex: 15    Spells: 5/5 levels left

rFire   . . .      SeeInvis .   a - +0 short sword
rCold   . . .      Faith    .   (no shield)
rNeg    . . .      Spirit   .   b - +0 leather armour
rPois   .          Reflect  .   (no helmet)
rElec   .          Harm     .   (no cloak)
rCorr   .          Rampage  .   (no gloves)
Will    .....                   (no boots)
Stlth   ++++......              (no amulet)
HPRegen 0.13/turn               (no ring)
MPRegen 0.09/turn               (no ring)

@: no status effects
A: fangs 1, strong nose, distributed training
a: no special abilities


You were on level 4 of the Dungeon.
You visited 1 branch of the dungeon, and saw 3 of its levels.

You collected 77 gold pieces.

Inventory:

Hand Weapons
 a - a +0 short sword (weapon)
Armour
 b - a +0 leather armour (worn)
 m - an orb of energy
Wands
 g - a wand of digging (3)
Scrolls
 c - a scroll of fog
 d - 2 scrolls of magic mapping
 e - a scroll of fear
 h - 2 scrolls of identify {unknown}
 l - a scroll of enchant weapon {unknown}
 n - a scroll of teleportation {unknown}
 o - a scroll of torment {unknown}
Potions
 f - a potion of haste
 i - a potion of might {unknown}
 j - 2 potions of cancellation {unknown}
 k - a potion of curing {unknown}
 p - a potion of invisibility {unknown}
 q - a potion of brilliance {unknown}


   Skills:
 + Level 6.5 Fighting
 + Level 4.6 Short Blades
 + Level 1.0 Long Blades
 + Level 1.0 Axes
 + Level 1.0 Maces & Flails
 + Level 1.0 Polearms
 + Level 1.0 Staves
 + Level 1.0 Slings
 + Level 1.0 Bows
 + Level 1.0 Crossbows
 + Level 1.0 Throwing
 + Level 1.0 Armour
 + Level 4.6 Dodging
 + Level 9.6 Stealth
 + Level 1.0 Shields
 + Level 1.0 Unarmed Combat
 + Level 1.0 Spellcasting
 + Level 0.7 Conjurations
 + Level 0.7 Hexes
 + Level 0.7 Summonings
 + Level 0.7 Necromancy
 + Level 0.7 Translocations
 + Level 0.7 Transmutations
 + Level 0.7 Fire Magic
 + Level 0.7 Ice Magic
 + Level 0.7 Air Magic
 + Level 0.7 Earth Magic
 + Level 0.7 Poison Magic
 + Level 1.1 Invocations
 + Level 1.0 Evocations


You had 5 spell levels left.
You didn't know any spells.
Your spell library was empty.

Dungeon Overview and Level Annotations

Branches:
Dungeon (5/15)
 Temple: D:4-7

Altars:

Annotations:
D:4 Grinder


Innate Abilities, Weirdness & Mutations

You have very sharp teeth.
Your uncanny sense of smell can sniff out nearby items.
Your experience applies equally to all skills.


Message History

The iguana hisses menacingly.
The iguana bites you.
You barely miss the iguana. You bite the iguana, but do no damage.
The iguana is moderately wounded.
The iguana misses you.
You hit the iguana but do no damage. You bite the iguana, but do no damage.
The iguana is moderately wounded.
The iguana closely misses you.
You closely miss the iguana.
The iguana is moderately wounded.
The iguana barely misses you.
You hit the iguana but do no damage.
The iguana is moderately wounded.
The iguana barely misses you.
You hit the iguana but do no damage.
The iguana is moderately wounded.
The iguana barely misses you.
You hit the iguana.
The iguana is heavily wounded.
You hit the iguana. Your bite misses the iguana.
The iguana is severely wounded.
The iguana barely misses you.
You hit the iguana.
The iguana is severely wounded.
The iguana misses you.
You hit the iguana.
The iguana is almost dead.
The iguana bites you!
* * * LOW HITPOINT WARNING * * *
You hit the iguana but do no damage.
The iguana is almost dead.
The iguana bites you but does no damage.
You hit the iguana but do no damage.
The iguana is almost dead.
The iguana bites you.
* * * LOW HITPOINT WARNING * * *
You hit the iguana but do no damage.
The iguana is almost dead.
The iguana bites you!
You die...

.................#<###..###
.########.#.#..#.#........#
.# .#..........##.### .#
###..#.###.##.# .. ∆ ...
#.# #.##.# .# # #.# #....#
.# #?###..### #........
#@###..#. #..##l###..#
#..........# .)...........#
................ #.#
##.#...>.....#.# . #.# #
##.#.##.### # .###.# #.#.#
.# ....# #..^. .#


You could see an iguana.

Vanquished Creatures
  A gnoll (D:5)
  3 adders (D:4)
  A worm (D:3)
  2 dart slugs (D:3)
  An orc (D:4)
  An endoplasm (D:3)
  A giant cockroach (D:3)
  A hobgoblin (D:4)
  A ball python (D:4)
  4 kobolds
  2 rats (D:3)
18 creatures vanquished.

Notes
Turn   | Place    | Note
-------+----------+-------------------------------------------
     0 | D:5      | Reached skill level 9 in Stealth
     0 | D:5      | DocClef the Gnoll Delver began the quest for the Orb.
     0 | D:5      | Reached XP level 1. HP: 23/23 MP: 1/1
     5 | D:5      | Noticed an iguana
     6 | D:5      | Noticed a phantom
     7 | D:5      | Noticed a hound
     8 | D:5      | Noticed a necrophage
     9 | D:5      | Noticed an ogre
     9 | D:5      | Noticed a necrophage
    11 | D:5      | Reached XP level 2. HP: 29/29 MP: 2/2
   126 | D:4      | Noticed Grinder
   133 | D:4      | Paralysed by Grinder for 4 turns
   581 | D:3      | Reached XP level 3. HP: 35/35 MP: 3/3
  1105 | D:3      | Reached skill level 1 in Invocations
  1300 | D:4      | Reached skill level 1 in Long Blades
  1300 | D:4      | Reached skill level 1 in Axes
  1300 | D:4      | Reached skill level 1 in Maces & Flails
  1300 | D:4      | Reached skill level 1 in Polearms
  1300 | D:4      | Reached skill level 1 in Staves
  1300 | D:4      | Reached skill level 1 in Slings
  1300 | D:4      | Reached skill level 1 in Bows
  1300 | D:4      | Reached skill level 1 in Crossbows
  1300 | D:4      | Reached skill level 1 in Throwing
  1300 | D:4      | Reached skill level 1 in Armour
  1300 | D:4      | Reached skill level 1 in Shields
  1300 | D:4      | Reached skill level 1 in Unarmed Combat
  1300 | D:4      | Reached skill level 1 in Spellcasting
  1300 | D:4      | Reached skill level 1 in Evocations
  1300 | D:4      | Reached XP level 4. HP: 39/41 MP: 5/5
  1327 | D:4      | Mangled by an iguana

Illustrated notes

Levels and vault maps discovered:
D:3:      layout_loops_corners, lightli_corner_chamber
D:4:      layout_basic, corexii_hall_statues_i, minmay_hollow_rounded_squares,
          uniq_grinder
D:5:      layout_cave_pods, lemuel_crystal_altar, mainiacjoe_overflow_alcove_3,
          temple_fountains, minmay_fractal_squares_5, uniq_prince_ribbit1

Skill      XL: |  1  2  3 |
---------------+----------+-----
Stealth        | |  9.6
Invocations    | 1 |  1.1
Long Blades    | 1 |  1.0
Axes           | 1 |  1.0
Maces & Flails | 1 |  1.0
Polearms       | 1 |  1.0
Staves         | 1 |  1.0
Slings         | 1 |  1.0
Bows           | 1 |  1.0
Crossbows      | 1 |  1.0
Throwing       | 1 |  1.0
Armour         | 1 |  1.0
Shields        | 1 |  1.0
Unarmed Combat | 1 |  1.0
Spellcasting   | 1 |  1.0
Evocations     | 1 |  1.0
Fighting       | |  6.5
Short Blades   | |  4.6
Dodging        | |  4.6
Conjurations   | |  0.7
Hexes          | |  0.7
Summonings     | |  0.7
Necromancy     | |  0.7
Translocations | |  0.7
Transmutations | |  0.7
Fire Magic     | |  0.7
Ice Magic      | |  0.7
Air Magic      | |  0.7
Earth Magic    | |  0.7
Poison Magic   | |  0.7

Action                   |  1- 3 |  4- 6 || total
-------------------------+-------+-------++-------
Melee: Short sword       |    32 |    28 ||    60
       Bite              |     4 |     5 ||     9
 Stab: Sleeping          |     9 |       ||     9
Armor: Leather armour    |     4 |     1 ||     5
Dodge: Dodged            |    10 |    15 ||    25

Table legend: (Time is in decaauts)
 A = Elapsed time spent in this place.
 B = Non-inter-level travel time spent in this place.
 C = Inter-level travel time spent in this place.
 D = Time resting spent in this place.
 E = Time spent auto-exploring this place.
 F = Levels seen in this place.
 G = Mean time per level.
                   A        B        C        D        E       F      G
               +--------+--------+--------+--------+--------+-----+--------+
         Total |   1318 |   1280 |     38 |      0 |   1073 |   3 |  439.3 |
       Dungeon |   1318 |   1280 |     38 |      0 |   1073 |   3 |  439.3 |
               +--------+--------+--------+--------+--------+-----+--------+

Top non-repeatable levels by time:
     D:3: 1028 daAuts
     D:4: 267 daAuts
     D:5: 22 daAuts
